PAA
MYRTLE BEACH MERMEN @ MERCER ISLAND SCREAMING EAGLES
07/26/2029
 
TOP OF THE 1ST
Myrtle Beach Mermen batting - Pitching for Mercer Island Screaming Eagles : RHP Malulani Anakone
Pitching: RHP Malulani Anakone
Batting: RHB Maikel Cobblepot 0-0: Ball
1-0: Foul Ball, location: 2F
1-1: Ball
2-1: Foul Ball, location: 2F
2-2: Ball
3-2: Base on Balls
Batting: SHB Alex Mable 0-0: Ball
1-0: Called Strike
1-1: Called Strike
1-2: Ball
2-2: Strikes out swinging
Batting: RHB Hirohisa Ogasawara 0-0: Fly out, F7 (Flyball, 7)
Batting: LHB Shigenobu Ohayashi 0-0: Ball
1-0: Ground out 1-3 (Groundball, 15S)
Top of the 1st over - 0 runs, 0 hits, 0 errors, 1 left on base; Myrtle Beach 0 - Mercer Island 0
BOTTOM OF THE 1ST
Mercer Island Screaming Eagles batting - Pitching for Myrtle Beach Mermen : RHP Plinio Pedrulho
Pitching: RHP Plinio Pedrulho
Batting: LHB Jacob Herman 0-0: Ball
1-0: Ball
2-0: Foul Ball, location: 2F
2-1: Swinging Strike
2-2: Ball
3-2: SINGLE (Groundball, 3D)
Batting: RHB Jeffery Campbell 0-0: Foul Ball, location: 2F
0-1: Ball
1-1: Ground out 4-3 (Groundball, 34)
Jacob Herman to second
Batting: RHB Marcos Reyes 0-0: Ball
1-0: Called Strike
1-1: Ball
2-1: Foul Ball, location: 2F
2-2: Ball
3-2: Fly out, F8 (Flyball, 8RD)
Batting: SHB Ray Davis 0-0: Called Strike
0-1: Foul Ball, location: 2F
0-2: Strikes out swinging
Bottom of the 1st over - 0 runs, 1 hit, 0 errors, 1 left on base; Myrtle Beach 0 - Mercer Island 0
TOP OF THE 2ND
Myrtle Beach Mermen batting - Pitching for Mercer Island Screaming Eagles : RHP Malulani Anakone
Batting: RHB Maik Palen 0-0: Called Strike
0-1: Called Strike
0-2: Ball
1-2: Ball
2-2: Fly out, F9 (Flyball, 9)
Batting: RHB Éric Leroux 0-0: Ball
1-0: Called Strike
1-1: Called Strike
1-2: Strikes out swinging
Batting: RHB John O'Neil 0-0: Called Strike
0-1: Called Strike
0-2: Strikes out looking
Top of the 2nd over - 0 runs, 0 hits, 0 errors, 0 left on base; Myrtle Beach 0 - Mercer Island 0
BOTTOM OF THE 2ND
Mercer Island Screaming Eagles batting - Pitching for Myrtle Beach Mermen : RHP Plinio Pedrulho
Batting: RHB Wade Killefer 0-0: Ball
1-0: SINGLE (Line Drive, 8LS)
Batting: SHB Silas Floyd 0-0: Swinging Strike
0-1: Foul Ball, location: 2F
0-2: Foul Ball, location: 2F
0-2: Foul Ball, location: 2F
0-2: Ball
1-2: Foul Ball, location: 2F
1-2: Foul Ball, location: 2F
1-2: Ball
2-2: Ball
3-2: Fly out, F9 (Flyball, 9)
Batting: LHB Jorge Pérez 0-0: Ball
Wild Pitch!
Wade Killefer to second
1-0: SINGLE (Groundball, 34D)
Wade Killefer to third
Batting: RHB Harry Freidricks 0-0: Reached on error, E6 (Groundball, 6)
Wade Killefer scores
Jorge Pérez to second
Batting: LHB Manny Valentín 0-0: Fly out, F9 (Flyball, 9D)
Batting: LHB Jacob Herman 0-0: Foul Ball, location: 2F
0-1: Foul Ball, location: 2F
0-2: Ball
Passed Ball!
Jorge Pérez to third
Harry Freidricks to second
1-2: Ball
2-2: Ball
3-2: Ground out 5-3 (Groundball, 56)
Bottom of the 2nd over - 1 run, 2 hits, 1 error, 2 left on base; Myrtle Beach 0 - Mercer Island 1
TOP OF THE 3RD
Myrtle Beach Mermen batting - Pitching for Mercer Island Screaming Eagles : RHP Malulani Anakone
Batting: RHB Elijah Seymour 0-0: Foul Ball, location: 2F
0-1: Ball
1-1: Ball
2-1: Ball
3-1: Base on Balls
Batting: RHB David Meléndez 0-0: Ball
1-0: Foul Ball, location: 2F
1-1: Foul Ball, location: 2F
1-2: Fly out, F8 (Flyball, 8LS)
Batting: RHB Maikel Cobblepot 0-0: Called Strike
0-1: Foul Ball, location: 2F
0-2: Foul Ball, location: 2F
0-2: Foul Ball, location: 2F
0-2: Foul Ball, location: 2F
0-2: Ball
1-2: Fly out, F1 (Line Drive, 15)
Batting: SHB Alex Mable 0-0: Ball
1-0: Ball
2-0: Fly out, F9 (Flyball, 89M)
Top of the 3rd over - 0 runs, 0 hits, 0 errors, 1 left on base; Myrtle Beach 0 - Mercer Island 1
BOTTOM OF THE 3RD
Mercer Island Screaming Eagles batting - Pitching for Myrtle Beach Mermen : RHP Plinio Pedrulho
Batting: RHB Jeffery Campbell 0-0: Ball
1-0: Ball
2-0: Ball
3-0: Called Strike
3-1: Base on Balls
Batting: RHB Marcos Reyes 0-0: Ball
1-0: Called Strike
1-1: SINGLE (Line Drive, 5D)
Jeffery Campbell to second
Batting: SHB Ray Davis 0-0: Ball
1-0: Foul Ball, location: 2F
1-1: Ball
2-1: Foul Ball, location: 2F
2-2: Foul Ball, location: 2F
2-2: Foul Ball, location: 2F
2-2: 3-RUN HOME RUN (Line Drive, 89XD), Distance : 427 ft
Batting: RHB Wade Killefer 0-0: Called Strike
0-1: Ball
1-1: Ball
2-1: Ball
3-1: Foul Ball, location: 2F
3-2: Strikes out swinging
Batting: SHB Silas Floyd 0-0: Ball
1-0: Ball
2-0: Ball
3-0: Base on Balls
Batting: LHB Jorge Pérez 0-0: Ball
1-0: Ball
2-0: Called Strike
2-1: SINGLE (Groundball, 3D)
Silas Floyd to second
Runner from 2nd tries for 3rd, SAFE, throw made to third
Batting: RHB Harry Freidricks 0-0: Ball
1-0: Ball
2-0: Called Strike
2-1: SINGLE (Groundball, 56D)
Silas Floyd scores
Jorge Pérez to second
Batting: LHB Manny Valentín 0-0: Ball
1-0: Ball
2-0: Called Strike
2-1: Foul Ball, location: 2F
2-2: Grounds into double play, 6-4-3 (Groundball, 56)
Bottom of the 3rd over - 4 runs, 4 hits, 0 errors, 1 left on base; Myrtle Beach 0 - Mercer Island 5
TOP OF THE 4TH
Myrtle Beach Mermen batting - Pitching for Mercer Island Screaming Eagles : RHP Malulani Anakone
Batting: RHB Hirohisa Ogasawara 0-0: Called Strike
0-1: Ball
1-1: Called Strike
1-2: Foul Ball, location: 2F
1-2: Ground out U3 (Groundball, 34)
Batting: LHB Shigenobu Ohayashi 0-0: Ground out U3 (Groundball, 3)
Batting: RHB Maik Palen 0-0: Ball
1-0: Foul Ball, location: 2F
1-1: Ball
2-1: Foul Ball, location: 2F
2-2: Ball
3-2: Fly out, F8 (Flyball, 89M)
Top of the 4th over - 0 runs, 0 hits, 0 errors, 0 left on base; Myrtle Beach 0 - Mercer Island 5
BOTTOM OF THE 4TH
Mercer Island Screaming Eagles batting - Pitching for Myrtle Beach Mermen : RHP Plinio Pedrulho
Batting: LHB Jacob Herman 0-0: Called Strike
0-1: Ball
1-1: Ball
2-1: Foul Ball, location: 2F
2-2: Ball
3-2: Base on Balls
Batting: RHB Jeffery Campbell 0-0: Ball
1-0: Foul Ball, location: 2F
1-1: Fly out, F9 (Flyball, 9)
Batting: RHB Marcos Reyes 0-0: Ball
1-0: Ball
2-0: Called Strike
2-1: SINGLE (Groundball, 5S) (infield hit)
Jacob Herman to second
Batting: SHB Ray Davis 0-0: Called Strike
0-1: Ball
1-1: Ball
2-1: Swinging Strike
2-2: Fly out, F7 (Flyball, 7)
Batting: RHB Wade Killefer 0-0: Ground out 6-3 (Groundball, 6M)
Bottom of the 4th over - 0 runs, 1 hit, 0 errors, 2 left on base; Myrtle Beach 0 - Mercer Island 5
TOP OF THE 5TH
Myrtle Beach Mermen batting - Pitching for Mercer Island Screaming Eagles : RHP Malulani Anakone
Batting: RHB Éric Leroux 0-0: Ball
1-0: Ball
2-0: Called Strike
2-1: Fly out, F4 (Popup, 4MS)
Batting: RHB John O'Neil 0-0: Ball
1-0: Ball
2-0: Ball
3-0: Foul Ball, location: 2F
3-1: Ground out 3-1 (Groundball, 34)
Batting: RHB Elijah Seymour 0-0: Called Strike
0-1: Ball
1-1: Foul Ball, location: 2F
1-2: Foul Ball, location: 2F
1-2: Ball
2-2: Ball
3-2: DOUBLE (Flyball, 89D)
Batting: RHB David Meléndez 0-0: Called Strike
0-1: Foul Ball, location: 2F
0-2: Ball
1-2: Foul Ball, location: 2F
1-2: Ball
2-2: Ball
3-2: Base on Balls
Batting: RHB Maikel Cobblepot 0-0: Foul Ball, location: 2F
0-1: Swinging Strike
0-2: Ball
1-2: Fly out, F7 (Flyball, 7LM)
Top of the 5th over - 0 runs, 1 hit, 0 errors, 2 left on base; Myrtle Beach 0 - Mercer Island 5
BOTTOM OF THE 5TH
Mercer Island Screaming Eagles batting - Pitching for Myrtle Beach Mermen : RHP Plinio Pedrulho
Batting: SHB Silas Floyd 0-0: Ball
1-0: Ball
2-0: Ball
3-0: Base on Balls
Batting: LHB Jorge Pérez 0-0: Swinging Strike
0-1: Ground out 3-1 (Groundball, 34S)
Silas Floyd to second
Batting: RHB Harry Freidricks 0-0: Ball
1-0: Ball
2-0: Foul Ball, location: 2F
2-1: Fly out, F4 (Line Drive, 4)
Batting: LHB Manny Valentín 0-0: Fly out, F8 (Line Drive, 89D)
Bottom of the 5th over - 0 runs, 0 hits, 0 errors, 1 left on base; Myrtle Beach 0 - Mercer Island 5
TOP OF THE 6TH
Myrtle Beach Mermen batting - Pitching for Mercer Island Screaming Eagles : RHP Malulani Anakone
Batting: SHB Alex Mable 0-0: Ball
1-0: Called Strike
1-1: Ball
2-1: Ball
3-1: Called Strike
3-2: Foul Ball, location: 2F
3-2: Foul Ball, location: 2F
3-2: Fly out, F4 (Line Drive, 4)
Batting: RHB Hirohisa Ogasawara 0-0: Ball
1-0: DOUBLE (Flyball, 8RD)
Batting: LHB Shigenobu Ohayashi 0-0: Swinging Strike
0-1: Fly out, F7 (Flyball, 7S)
Batting: RHB Maik Palen 0-0: Ball
1-0: Called Strike
1-1: Foul Ball, location: 2F
1-2: Strikes out looking
Top of the 6th over - 0 runs, 1 hit, 0 errors, 1 left on base; Myrtle Beach 0 - Mercer Island 5
BOTTOM OF THE 6TH
Mercer Island Screaming Eagles batting - Pitching for Myrtle Beach Mermen : RHP Plinio Pedrulho
Batting: LHB Jacob Herman 0-0: Ball
1-0: DOUBLE (Flyball, 8RXD)
Batting: RHB Jeffery Campbell 0-0: Ball
1-0: SINGLE (Line Drive, 4D)
Jacob Herman to third
Pitching: RHP Jorge Carrión
Batting: RHB Marcos Reyes 0-0: Called Strike
0-1: Called Strike
0-2: Fly out, F7 (Flyball, 7S)
Batting: SHB Ray Davis 0-0: Ball
1-0: Ball
2-0: Ball
3-0: Called Strike
3-1: Foul Ball, location: 2F
3-2: Fielders Choice at 2nd, 1-4 (Groundball, 15)
Batting: RHB Wade Killefer 0-0: Called Strike
0-1: Ball
1-1: Ball
2-1: 3-RUN HOME RUN (Flyball, 7D), Distance : 396 ft
Batting: SHB Silas Floyd 0-0: Swinging Strike
0-1: Foul Ball, location: 2F
0-2: Strikes out swinging
Bottom of the 6th over - 3 runs, 3 hits, 0 errors, 0 left on base; Myrtle Beach 0 - Mercer Island 8
TOP OF THE 7TH
Myrtle Beach Mermen batting - Pitching for Mercer Island Screaming Eagles : RHP Malulani Anakone
Batting: RHB Éric Leroux 0-0: Called Strike
0-1: Ball
1-1: Foul Ball, location: 2F
1-2: Ball
2-2: Strikes out looking
Batting: RHB John O'Neil 0-0: Called Strike
0-1: Called Strike
0-2: Ball
1-2: Foul Ball, location: 2F
1-2: Strikes out looking
Batting: RHB Elijah Seymour 0-0: Ball
1-0: Called Strike
1-1: Ball
2-1: Foul Ball, location: 2F
2-2: Strikes out swinging, 2-3 out at first.
Top of the 7th over - 0 runs, 0 hits, 0 errors, 0 left on base; Myrtle Beach 0 - Mercer Island 8
BOTTOM OF THE 7TH
Mercer Island Screaming Eagles batting - Pitching for Myrtle Beach Mermen : RHP Jorge Carrión
Batting: LHB Jorge Pérez 0-0: Ground out 4-3 (Groundball, 4)
Batting: RHB Harry Freidricks 0-0: Ball
1-0: Foul Ball, location: 2F
1-1: Fly out, F8 (Flyball, 8RM)
Batting: LHB Manny Valentín 0-0: Ball
1-0: Foul Ball, location: 2F
1-1: Ball
2-1: Ground out 5-3 (Groundball, 5L)
Bottom of the 7th over - 0 runs, 0 hits, 0 errors, 0 left on base; Myrtle Beach 0 - Mercer Island 8
TOP OF THE 8TH
Myrtle Beach Mermen batting - Pitching for Mercer Island Screaming Eagles : RHP Malulani Anakone
Batting: RHB David Meléndez 0-0: Ball
1-0: Called Strike
1-1: Fly out, F6 (Line Drive, 6M)
Batting: RHB Maikel Cobblepot 0-0: Ball
1-0: Fly out, F7 (Flyball, 7)
Batting: SHB Alex Mable 0-0: Ball
1-0: Ball
2-0: Ball
3-0: Called Strike
3-1: Base on Balls
Batting: RHB Hirohisa Ogasawara 0-0: Called Strike
0-1: Foul Ball, location: 2F
0-2: Ball
1-2: Fielders Choice at 2nd, 5-4 (Groundball, 56)
Top of the 8th over - 0 runs, 0 hits, 0 errors, 1 left on base; Myrtle Beach 0 - Mercer Island 8
BOTTOM OF THE 8TH
Mercer Island Screaming Eagles batting - Pitching for Myrtle Beach Mermen : RHP Jorge Carrión
Batting: LHB Jacob Herman 0-0: Called Strike
0-1: Ball
1-1: Called Strike
1-2: Foul Ball, location: 2F
1-2: Ball
2-2: Foul Ball, location: 2F
2-2: Strikes out swinging
Batting: RHB Jeffery Campbell 0-0: Ball
1-0: Ball
2-0: Swinging Strike
2-1: Ground out 6-3 (Groundball, 6)
Batting: RHB Marcos Reyes 0-0: Fly out, F7 (Flyball, 7D)
Bottom of the 8th over - 0 runs, 0 hits, 0 errors, 0 left on base; Myrtle Beach 0 - Mercer Island 8
TOP OF THE 9TH
Myrtle Beach Mermen batting - Pitching for Mercer Island Screaming Eagles : RHP Malulani Anakone
Batting: LHB Shigenobu Ohayashi 0-0: Ball
1-0: Called Strike
1-1: Foul Ball, location: 2F
1-2: Foul Ball, location: 2F
1-2: Foul Ball, location: 2F
1-2: Foul Ball, location: 2F
1-2: Foul Ball, location: 2F
1-2: Ground out 4-3 (Groundball, 34)
Pitching: RHP Esteban Miroz
Batting: RHB Maik Palen 0-0: Called Strike
0-1: Foul Ball, location: 2F
0-2: Ball
1-2: Strikes out swinging
Batting: RHB Éric Leroux 0-0: Called Strike
0-1: Foul Ball, location: 2F
0-2: Strikes out looking
Top of the 9th over - 0 runs, 0 hits, 0 errors, 0 left on base; Myrtle Beach 0 - Mercer Island 8
Tuesday, December 19th, 2017 - OOTP Baseball 18.8 Build 76